 Dungeon Crawl Stone Soup version 0.31-a0-667-g39726597b9 (webtiles) character file.

Game seed: 9017335837992278960

2 NinjaNoafa the Grasshopper (level 1, -2/17 HPs)
             Began as a Ghoul Warper on Sept 4, 2023.
             Slain by a quokka (4 damage)
             ... on level 1 of the Dungeon.
             The game lasted 00:01:31 (73 turns).

NinjaNoafa the Grasshopper (Ghoul Warper)             Turns: 73, Time: 00:01:32

Health: -2/17      AC:  3    Str: 14    XL:     1   Next: 30%
Magic:  2/2        EV: 11    Int:  8    God:
Gold:   0          SH:  0    Dex:  8    Spells: 3/3 levels left

rFire   . .          .
                       - Unarmed
rCold   + . .        (no shield)
rNeg    + + +        a - +0 leather armour
rPois   ∞            (no helmet)
rElec   .            (no cloak)
rCorr   .            (no gloves)
SInv    .            (no boots)
Will    .....        (no amulet)
Stlth   +            (no ring)
HPRegen 0.00/turn    (no ring)
MPRegen 0.08/turn

%: no passive effects
@: inhibited regen
A: claws 1, cold resistance 1, negative energy resistance 3, inhibited
regeneration, torment resistance 2, devour on kill
a: no special abilities


You were on level 1 of the Dungeon.
You visited 1 branch of the dungeon, and saw 1 of its levels.

Inventory:

Missiles
 c - 7 darts of dispersal (quivered)
Armour
 a - a +0 leather armour (worn)
Talismans
 d - a beast talisman
Scrolls
 b - a scroll of blinking


   Skills:
 - Level 2.1 Fighting
 - Level 0.8 Throwing
 - Level 0.8 Armour
 - Level 1.7 Dodging
 * Level 2.3 Unarmed Combat
 - Level 1.7 Spellcasting
 + Level 2.7 Translocations


You had 3 spell levels left.
You didn't know any spells.
Your spell library contained the following spells:

 Spells                   Type           Power      Damage    Failure   Level
 Blink                    Tloc           10%        N/A       22%         2
 Lesser Beckoning         Tloc           10%        N/A       22%         2
 Teleport Other           Tloc           5%         N/A       41%         3
 Manifold Assault         Tloc           5%         N/A       82%         4
 Vhi's Electric Charge    Tloc/Air       4%         N/A       95%         4


Dungeon Overview and Level Annotations

Branches:
Dungeon (1/15) Zot: 5926

Altars:


Innate Abilities, Weirdness & Mutations

You are immune to poison.
You have sharp fingernails.
Your flesh is cold resistant. (rC+)
You are immune to negative energy. (rN+++)
You do not regenerate when monsters are visible.
You are immune to unholy pain and torment.
You thrive by killing the living.


Message History

You claw the kobold.
You kill the kobold!
You feel better.
Health restored: 17 You see here a +0 club.
d - a beast talisman A quokka comes into view.
A quokka is nearby!
A dart slug comes into view.
The quokka bites you.
You take 3 damage, and have 14/17 hp.
You barely miss the quokka. The quokka bites you.
The dart slug launches a dart at you. The slug dart misses you.
You take 4 damage, and have 10/17 hp.
MASSIVE DAMAGE!!
You scratch the quokka but do no damage.
The quokka twitches its whiskers.
The quokka closely misses you.
You miss the quokka. The quokka closely misses you.
You barely miss the quokka. The quokka bites you.
* * * LOW HITPOINT WARNING * * *
You take 4 damage, and have 6/17 hp.
MASSIVE DAMAGE!!
Unknown command.
You closely miss the quokka. The quokka barely misses you.
You barely miss the quokka.
The quokka bites you but does no damage.
You barely miss the quokka. The quokka bites you.
* * * LOW HITPOINT WARNING * * *
The quokka bites you.
* * * LOW HITPOINT WARNING * * *
The dart slug launches a dart at you. The slug dart misses you.
You take 4 damage, and have 2/17 hp.
MASSIVE DAMAGE!!
You aren't carrying any potions.
Sorry, you're not good enough to have a special ability.
Unknown command.
The dart slug launches a dart at you.
The slug dart hits you but does no damage.
The quokka attacks as it pursues you! The quokka bites you.
You die...

... .... #..
..... #.#
..... #.#
......
#w##....
#....#####
#####.........
#....r........
#...@....#####
#....#####
#........
#....###.
#....# #....#
#....# ##.###
#.#


You could see a dart slug and a quokka.

Vanquished Creatures
  A hobgoblin (D:1)
  A kobold (D:1)
2 creatures vanquished.

Notes
Turn   | Place    | Note
-------+----------+-------------------------------------------
     0 | D:1      | NinjaNoafa the Ghoul Warper began the quest for the Orb.
     0 | D:1      | Reached XP level 1. HP: 17/17 MP: 2/2
    73 | D:1      | Slain by a quokka

Illustrated notes

Levels and vault maps discovered:
D:1:      lightli_arrival_statue_moat, layout_rooms, nicolae_wormholes

Action                     || total
---------------------------++-------
  Melee: Unarmed           ||    16
         Punch             ||     1
 Armour: Leather armour    ||    11
  Dodge: Dodged            ||     9

Table legend: (Time is in decaauts)
 A = Elapsed time spent in this place.
 B = Non-inter-level travel time spent in this place.
 C = Inter-level travel time spent in this place.
 D = Time resting spent in this place.
 E = Time spent auto-exploring this place.
 F = Levels seen in this place.
 G = Mean time per level.
                   A        B        C        D        E       F      G
               +--------+--------+--------+--------+--------+-----+--------+
         Total |     72 |     72 |      0 |      0 |     37 |   1 |   72.0 |
       Dungeon |     72 |     72 |      0 |      0 |     37 |   1 |   72.0 |
               +--------+--------+--------+--------+--------+-----+--------+

Top non-repeatable levels by time:
     D:1: 72 daAuts
